 Dungeon Crawl Stone Soup version 0.21.0-25-ge575cb9 (webtiles) character file.

84 JeffiDaFish the Vexing (level 4, -5/22 HPs)
             Began as a Spriggan Arcane Marksman on Jan 23, 2018.
             Slain by an iguana (13 damage)
             ... on level 3 of the Dungeon.
             The game lasted 00:06:01 (2848 turns).

JeffiDaFish the Vexing (Spriggan Arcane Marksman)   Turns: 2848, Time: 00:06:02

Health: -5/22      AC:  3    Str:  6    XL:     4   Next: 24%
Magic:  3/8        EV: 19    Int: 14    God:
Gold:   87         SH:  0    Dex: 17    Spells: 1/7 levels left

rFire    . . .     SeeInvis +   a - +0 hand crossbow
rCold    . . .     Gourm    .   (shield restricted)
rNeg     . . .     Faith    .   e - +0 robe
rPois    .         Spirit   .   (helmet restricted)
rElec    .         Reflect  .   k - +0 cloak
rCorr    +         Harm     .   (gloves unavailable)
MR       .....                  (boots unavailable)
Stlth    +.........             (no amulet)
HPRegen  0.07/turn              h - ring of loudness
MPRegen  0.11/turn              i - ring of resist corrosion

@: very slightly contaminated, very quick
A: very small, unfitting armour, see invisible, herbivore, speed 3, slow
metabolism 2
a: no special abilities


You were on level 3 of the Dungeon.
You were not hungry.

You visited 1 branch of the dungeon, and saw 3 of its levels.

You collected 87 gold pieces.

Inventory:

Hand Weapons
 a - a +0 hand crossbow (weapon)
 j - a +2 dagger of electrocution
Missiles
 d - 22 bolts (quivered)
Armour
 e - a +0 robe (worn)
 k - a +0 cloak (worn)
Jewellery
 h - a ring of loudness (left hand)
 i - a ring of resist corrosion (right hand)
 m - an uncursed ring of protection from fire {unknown}
Wands
 l - a wand of enslavement (11)
Scrolls
 b - 2 scrolls of teleportation
 g - 3 scrolls of identify
Books
 c - a book of Debilitation

   Spells                             Type                      Level
   a - Corona                         Hexes                        1
   b - Slow                           Hexes                        2
   c - Inner Flame                    Hexes/Fire                   3
   d - Portal Projectile              Hexes/Translocation          3
   e - Cause Fear                     Hexes                        4
   f - Leda's Liquefaction            Hexes/Earth                  4
Comestibles
 f - 3 rations


   Skills:
 + Level 1.0 Fighting
 + Level 1.1 Short Blades
 + Level 3.2 Crossbows
 + Level 3.4 Dodging
 + Level 0.8 Stealth
 + Level 2.0 Spellcasting
 + Level 4.4 Hexes


You had one spell level left.
You knew the following spells:

 Your Spells              Type           Power        Failure   Level  Hunger
a - Corona                Hex            ##.....      3%          1    ##.....
b - Slow                  Hex            ##......     6%          2    ###....
c - Portal Projectile     Hex/Tloc       #.....       28%         3    ####...


Dungeon Overview and Level Annotations

Branches:
Dungeon (3/15)

Altars:

Annotations:
D:3 srs's ghost, amateur CeHu


Innate Abilities, Weirdness & Mutations

You are very small and have problems with some larger weapons.
You are too small for most types of armour.
You have supernaturally acute eyesight. (SInv)
You are a herbivore.
You cover ground extremely quickly.
You need consume almost no food.


Message History

You are too injured to fight recklessly!
You are too injured to fight recklessly!
You are too injured to fight recklessly!
Firing (i - inventory):
d - 25 bolts (quivered)
Press: ? - help, Shift-Dir - straight line, f/p - iguana
Aim: an iguana (moderately wounded, slow)
You shoot a bolt. The bolt barely misses the iguana.
Firing (i - inventory):
d - 24 bolts (quivered)
Press: ? - help, Shift-Dir - straight line, f/p - iguana
Aim: an iguana (moderately wounded, slow)
You shoot a bolt. The bolt hits the goblin!
You kill the goblin!
Firing (i - inventory):
d - 23 bolts (quivered)
Press: ? - help, Shift-Dir - straight line, f/p - iguana
Aim: an iguana (moderately wounded, slow)
You shoot a bolt. The bolt hits the iguana.
The iguana is moderately wounded.
The iguana bites you!
Ouch! That really hurt!
You die...

#....# #.# #.## ...
#....# #.# #.# ...
#....# #.# #.## ..
#....# #.# #...
#.###....# #.# ####
##..##....###.######
...........†.......
#.######.#########
#@l......#
##(......# ##
#.......# ###.
##((....# #...
#......# #.#.
..(.....# #.#.
$........# #.#.
#.....(..(# #.#.
#......##.# #.#.


You could see an iguana.

Vanquished Creatures
  A gnoll (D:1)
  3 adders (D:2)
  2 worms
  A dart slug (D:2)
  A leopard gecko (D:2)
  6 bats
  A giant cockroach (D:2)
  8 goblins
  3 hobgoblins
  2 jackals (D:1)
  5 kobolds
  2 frilled lizards
  6 rats
41 creatures vanquished.

Notes
Turn   | Place    | Note
-------+----------+-------------------------------------------
     0 | D:1      | JeffiDaFish the Spriggan Arcane Marksman began the quest for the Orb.
     0 | D:1      | Reached XP level 1. HP: 9/9 MP: 3/3
    84 | D:1      | Reached skill level 4 in Hexes
   204 | D:1      | Reached XP level 2. HP: 14/14 MP: 5/5
   640 | D:1      | Learned a level 2 spell: Slow
  1401 | D:2      | Reached XP level 3. HP: 12/17 MP: 1/6
  1851 | D:2      | Reached skill level 1 in Fighting
  1851 | D:2      | Reached skill level 1 in Short Blades
  1868 | D:2      | Reached XP level 4. HP: 10/22 MP: 2/7
  2069 | D:2      | Learned a level 3 spell: Portal Projectile
  2542 | D:3      | Noticed srs's ghost (amateur CeHu)
  2848 | D:3      | Slain by an iguana

Skill      XL: |  1  2  3  4 |
---------------+-------------+-----
Hexes          | 4 |  4.4
Crossbows      | 3 |  3.2
Fighting       | 1 |  1.0
Short Blades   | 1 |  1.1
Spellcasting   | 2 |  2.0
Dodging        | |  3.4
Stealth        | |  0.8

Action                   |  1- 3 |  4- 6 || total
-------------------------+-------+-------++-------
Melee: Dagger            |   107 |       ||   107
 Fire: Hand crossbow     |    24 |    42 ||    66
 Cast: Slow              |    13 |     2 ||    15
       Portal Projectile |       |     2 ||     2
  Use: Scroll            |     3 |     1 ||     4
       Potion            |     4 |     1 ||     5
 Stab: Sleeping          |     2 |       ||     2
  Eat: Ration            |       |     1 ||     1
Armor: Robe              |     7 |       ||     7
Dodge: Dodged            |    78 |    11 ||    89
